 Dungeon Crawl Stone Soup version 0.31.0-12-g77e489cdc1 (webtiles) character file.

Game seed: 8924696049161347203

421 spaghetti the Shooter (level 6, 0/44 HPs)
             Began as a Demonspawn Hunter on Feb 18, 2024.
             Succumbed to a scorpion's poison
             ... on level 5 of the Dungeon.
             The game lasted 00:03:27 (2791 turns).

spaghetti the Shooter (Demonspawn Hunter)           Turns: 2791, Time: 00:03:28

Health: 0/44       AC:  3    Str: 11    XL:     6   Next: 62%
Magic:  0/6        EV: 12    Int: 15    God:
Gold:   120        SH: 12    Dex: 25    Spells: 5/5 levels left

rFire   . . .        o - +0 sling (drain)
rCold   . . .        n - +2 buckler
rNeg    . . .        c - +0 leather armour
rPois   .            s - +0 hat
rElec   .            (no cloak)
rCorr   .            (no gloves)
SInv    .            (no boots)
Will    .....        f - amulet of guardian spirit
Stlth   ++           j - +6 ring of dexterity
HPRegen 0.27/turn    k - +6 ring of intelligence
MPRegen 0.10/turn

%: guardian spirit
@: brilliant, lethally poisoned (0 -> -1), attractive
A: horns 1, large bone plates 1, spiny 1
a: no special abilities


You were on level 5 of the Dungeon.
You visited 1 branch of the dungeon, and saw 5 of its levels.

You collected 120 gold pieces.

Inventory:

Hand Weapons
 a - a +0 shortbow
 o - a +0 sling of draining (weapon)
Armour
 c - a +0 leather armour (worn)
 n - a +2 buckler (worn)
 s - a +0 hat (worn)
Jewellery
 f - an amulet of guardian spirit (around neck)
 j - a +6 ring of dexterity (left hand)
 k - a +6 ring of intelligence (right hand)
 m - a ring of fire
 r - an amulet of regeneration
Wands
 q - a wand of mindburst (9)
Scrolls
 b - a scroll of butterflies
 d - a scroll of revelation
 e - 3 scrolls of amnesia
 l - a scroll of teleportation
Potions
 g - a potion of degeneration {unknown}
 i - a potion of mutation {unknown}
 p - 2 potions of ambrosia {unknown}


   Skills:
 - Level 2.0 Fighting
 + Level 6.1 Ranged Weapons
 - Level 1.7 Dodging
 - Level 0.8 Stealth
 + Level 3.6 Shields


You had 5 spell levels left.
You didn't know any spells.
Your spell library contained the following spells:

 Spells                   Type           Power      Damage    Failure   Level
 Slow                     Hex            0%         N/A       45%         1
 Call Imp                 Summ           0%         N/A       58%         2
 Jinxbite                 Hex            0%         N/A       58%         2
 Sublimation of Blood     Necr           0%         N/A       58%         2
 Confusing Touch          Hex            0%         N/A       83%         3
 Sigil of Binding         Hex            0%         N/A       83%         3
 Tukima's Dance           Hex            0%         N/A       83%         3
 Vampiric Draining        Necr           0%         2d6       83%         3
 Passage of Golubria      Tloc           0%         N/A       99%         4
 Yara's Violent Unravell  Hex/Alch       0%         3d3       100%        5
 Enfeeble                 Hex            0%         N/A       100%        7
 Summon Hydra             Summ           0%         N/A       100%        7


Dungeon Overview and Level Annotations

Branches:
Dungeon (5/15)
 Temple: D:4-7

Altars:
Fedhas
Wu Jian

Annotations:
D:3 1 runed translucent door, Crazy Yiuf


Innate Abilities, Weirdness & Mutations

You have a pair of small horns on your head.
You are partially covered in large bone plates. (SH +4)
You are partially covered in sharp spines.


Message History

The sling bullet barely misses the scorpion.
The black bear growls angrily.
The sling bullet hits the black bear but does no damage.
The scorpion closely misses you.
You shoot a sling bullet. The sling bullet hits the scorpion.
You drain the scorpion.
The scorpion is severely wounded.
The scorpion stings you.
You are poisoned.
The scorpion poisons you!
You shoot a sling bullet.
The sling bullet hits the scorpion but does no damage.
The scorpion is severely wounded.
You feel sick. The scorpion stings you. The scorpion is struck by your spines.
The scorpion barely misses you.
You shoot a sling bullet. The sling bullet hits the scorpion.
You kill the scorpion!
You feel sick.
Unknown command.
You shoot a sling bullet. The sling bullet hits the black bear!
The black bear is moderately wounded.
You feel sick.
The black bear is struck by your spines.
The black bear bites you!
* * * LOW HITPOINT WARNING * * *
The black bear claws you but does no damage.
You block the black bear's attack.
It was a potion of attraction.
You feel attractive to monsters.
You feel sick.
The black bear is struck by your spines.
The black bear closely misses you. You block the black bear's attack. x2
The black bear bites you!
* * * LOW HITPOINT WARNING * * *
The black bear barely misses you. The black bear claws you.
* * * LOW HITPOINT WARNING * * *
Okay, then.
It was a potion of brilliance.
You feel clever all of a sudden.
You die...

#...# ..8...
#...# ....
#...# ... #...#
#.# #...#
####.# #...#
#..).#
#..####.##.#
#..##...##h##
##..#s####.@h##
#....## #.....#
#...##
#..8.......
#......#
#.....#####
###....#
##...## ##...#
##### ##..#
##.. #..


You could see 2 black bears.

Vanquished Creatures
  A centaur (D:5)
  A scorpion (D:5)
  Terence (D:3)
  2 iguanas
  Natasha (twice) (D:3)
  6 adders
  A white imp (D:5)
  2 ribbon worms (D:3)
  2 dart slugs
  7 orcs (D:3)
  5 endoplasms
  A giant cockroach (D:1)
  2 goblins
  9 hobgoblins
  10 jackals
  6 quokkas
  3 ball pythons
  2 bats
  2 frilled lizards
  6 kobolds
  7 rats
78 creatures vanquished.

Notes
Turn   | Place    | Note
-------+----------+-------------------------------------------
     0 | D:1      | spaghetti the Demonspawn Hunter began the quest for the
                  | Orb.
     0 | D:1      | Reached XP level 1. HP: 16/16 MP: 1/1
    54 | D:1      | Reached skill level 4 in Ranged Weapons
    56 | D:1      | Gained mutation: You are partially covered in sharp spines.
                  | [demonic ancestry]
    56 | D:1      | Reached XP level 2. HP: 20/22 MP: 2/2
   735 | D:2      | Gained mutation: You have a pair of small horns on your
                  | head. [demonic ancestry]
   735 | D:2      | Reached XP level 3. HP: 27/27 MP: 3/3
  1227 | D:3      | Reached skill level 1 in Shields
  1250 | D:3      | Gained mutation: You are partially covered in large bone
                  | plates. (SH +4) [demonic ancestry]
  1250 | D:3      | Reached XP level 4. HP: 31/33 MP: 2/4
  1302 | D:3      | Reached skill level 5 in Ranged Weapons
  1360 | D:3      | Found a blossoming altar of Fedhas.
  1588 | D:3      | Found a runed translucent door.
  1589 | D:3      | Noticed Crazy Yiuf
  1672 | D:3      | Noticed Terence
  1690 | D:3      | Killed Terence
  1900 | D:3      | Noticed Natasha
  1907 | D:3      | Killed Natasha
  1908 | D:3      | Reached XP level 5. HP: 22/38 MP: 3/5
  2098 | D:3      | Noticed Natasha
  2102 | D:3      | Killed Natasha
  2676 | D:4      | Found an ornate altar of the Wu Jian Council.
  2734 | D:5      | Entered Level 5 of the Dungeon
  2760 | D:5      | Noticed a centaur
  2769 | D:5      | Reached XP level 6. HP: 37/44 MP: 4/6
  2773 | D:5      | Reached skill level 6 in Ranged Weapons
  2790 | D:5      | HP: 1/44 [black bear (3)]
  2791 | D:5      | Succumbed to a scorpion's poison

Illustrated notes

Levels and vault maps discovered:
D:1:      dpeg_chamrin_arrival_tetris, layout_basic, minmay_misc_feat_alley
D:2:      layout_rooms
D:3:      layout_loops_corners, mainiacjoe_overflow_brackets,
          dreamdust_princess_bridge, chequers_jeans, uniq_terence,
          uniq_crazy_yiuf_cottage, uniq_natasha
D:4:      layout_rooms, lemuel_round_altar
D:5:      minmay_octagon_keep, layout_cave_pods

Skill      XL: |  1  2  3  4  5  6 |
---------------+-------------------+-----
Ranged Weapons | 4 5 6 |  6.1
Shields        | 1 2 3 |  3.6
Fighting       | |  2.0
Dodging        | |  1.7
Stealth        | |  0.8

Action                     |  1- 3 |  4- 6 || total
---------------------------+-------+-------++-------
   Fire: Shortbow          |    58 |       ||    58
         Sling             |    34 |   135 ||   169
    Use: Potion            |       |     3 ||     3
         Scroll            |       |     4 ||     4
 Armour: Leather armour    |    15 |    32 ||    47
  Dodge: Dodged            |    23 |    26 ||    49
  Block: Buckler           |     4 |    42 ||    46
